 Dungeon Crawl Stone Soup version 0.19.1 (webtiles) character file.

51 truemonolith the Covert (level 3, -4/18 HPs)
             Began as a Spriggan Assassin on Nov 25, 2016.
             Slain by a hobgoblin
             ... wielding a +0 club
              (8 damage)
             ... on level 2 of the Dungeon.
             The game lasted 00:03:21 (1193 turns).

truemonolith the Covert (Spriggan Assassin)         Turns: 1193, Time: 00:03:22

Health: -4/18      AC:  3    Str:  7    XL:     3   Next: 58%
Magic:  4/4        EV: 17    Int: 12    God:
Gold:   92         SH:  0    Dex: 18    Spells: 0 memorised, 2 levels left

rFire  . . .     SeeInvis +     a - +2 dagger
rCold  . . .     Gourm    .     r - +0 robe
rNeg   . . .     Faith    .     (shield restricted)
rPois  .         Spirit   .     (helmet restricted)
rElec  .         Reflect  .     d - +0 cloak
rCorr  .         Harm     .     (gloves unavailable)
MR     .....                    (boots unavailable)
Stlth  ++++......               (no amulet)
                                (no ring)
                                (no ring)

@: very quick
A: unfitting armour, see invisible, herbivore 3, speed 3, slow metabolism 2
a: no special abilities


You were on level 2 of the Dungeon.
You were not hungry.

You visited 1 branch of the dungeon, and saw 2 of its levels.

You collected 92 gold pieces.

Inventory:

Hand Weapons
 a - a +2 dagger (weapon)
 b - a +0 blowgun
Missiles
 e - 8 poisoned needles
 f - 2 curare-tipped needles
 n - 3 needles of frenzy
Armour
 d - a +0 cloak (worn)
 r - a +0 robe (worn)
Jewellery
 s - an uncursed amulet of magic regeneration {unknown}
Scrolls
 c - a scroll of random uselessness {unknown}
 i - a scroll of noise {unknown}
 k - a scroll of remove curse {unknown}
 l - 2 scrolls of recharging {unknown}
 m - 2 scrolls of identify {unknown}
 o - a scroll of blinking {unknown}
 q - a scroll of teleportation {unknown}
Potions
 h - a potion of heal wounds {unknown}
 j - 2 potions of curing
 p - 2 potions of lignification {unknown}
Comestibles
 g - a bread ration


   Skills:
 - Level 1.5 Fighting
 - Level 2.1 Short Blades
 - Level 2.0 Throwing
 - Level 1.5 Dodging
 + Level 8.1 Stealth


You had 2 spell levels left.
You didn't know any spells.

Dungeon Overview and Level Annotations

Branches:
Dungeon (2/15)

Altars:
Zin


Innate Abilities, Weirdness & Mutations

You are very small and have problems with some larger weapons.
You are too small for most types of armour.
You have supernaturally acute eyesight. (SInv)
You are a herbivore.
You cover ground extremely quickly.
You need consume almost no food.


Message History

The adder closely misses you.
You completely miss the adder.
The adder is lightly wounded.
The adder bites you. The hobgoblin misses you.
You hit the adder.
The adder is moderately wounded.
The adder bites you.
* * * LOW HITPOINT WARNING * * *
The hobgoblin closely misses you.
You closely miss the adder.
The adder is moderately wounded.
The adder misses you. The adder barely misses you.
You miss the adder.
The adder is moderately wounded.
The hobgoblin misses you. The adder bites you.
* * * LOW HITPOINT WARNING * * *
You closely miss the adder.
The adder is moderately wounded.
The hobgoblin hits you with a club!
You die...

###### #..... ###
#..... #.. +.....
#.# #..... #.#
#..... #.#######
+.....
#.##....####.
#.....
#>.'.@S.'....
+.....
######.##.%g.####.
#.....
#....#.##....#
######
#....#'##....# #.
#.......#....# +.
#.......#...[#
###########.
#.......######
#.........#.
##'#....#
#.........#.
#.#....#
#.........##


You could see an adder and a hobgoblin.

Vanquished Creatures
  Natasha (D:2)
  An ooze (D:2)
  A worm (D:2)
  A dart slug (D:2)
  A goblin (D:1)
  2 hobgoblins (D:2)
  2 jackals (D:2)
  6 bats
  6 rats
21 creatures vanquished.

Notes
Turn   | Place    | Note
-------+----------+-------------------------------------------
     0 | D:1      | truemonolith the Spriggan Assassin began the quest for the Orb.
     0 | D:1      | Reached XP level 1. HP: 10/10 MP: 2/2
    72 | D:1      | Reached skill level 6 in Stealth
   527 | D:2      | Noticed Natasha
   535 | D:2      | Killed Natasha
   535 | D:2      | Reached skill level 7 in Stealth
   535 | D:2      | Reached XP level 2. HP: 14/14 MP: 3/3
   535 | D:2      | Reached XP level 3. HP: 18/18 MP: 4/4
   872 | D:2      | Reached skill level 8 in Stealth
   877 | D:2      | Found a glowing silver altar of Zin.
  1193 | D:2      | Slain by a hobgoblin

Skill      XL: |  1  2  3 |
---------------+----------+-----
Stealth        | 7 8 |  8.1
Fighting       | |  1.5
Short Blades   | |  2.1
Throwing       | |  2.0
Dodging        | |  1.5

Action                   || total
-------------------------++-------
Melee: Dagger            ||    85
  Use: Potion            ||     1
 Stab: Sleeping          ||     7
Armor: Robe              ||    10
Dodge: Dodged            ||    64
